 Dungeon Crawl Stone Soup version 0.29.1-12-g30fa7ad0bf (webtiles) character file.

Game seed: 12986006262962631844

101 wormed the Trooper (level 4, -7/34 (35) HPs)
             Began as a Demonspawn Fighter on Dec 22, 2022.
             Splashed by a jelly's acid (8 damage)
             ... on level 4 of the Dungeon.
             The game lasted 00:03:31 (3072 turns).

wormed the Trooper (Demonspawn Fighter)             Turns: 3072, Time: 00:03:33

HP:   -7/34 (35)    AC:  6    Str: 18    XL:     4   Next: 48%
MP:   4/4           EV:  9    Int: 10    God:
Gold: 78            SH:  4    Dex: 12    Spells: 3/3 levels left

rFire   . . .      SeeInvis .   a - +0 flail
rCold   . . .      Faith    .   c - +0 buckler
rNeg    . . .      Spirit   .   b - +0 scale mail
rPois   .          Reflect  .   (helmet restricted)
rElec   .          Harm     .   (no cloak)
rCorr   .          Rampage  .   (no gloves)
Will    .....                   (no boots)
Stlth   ..........              (no amulet)
HPRegen 0.11/turn               (no ring)
MPRegen 0.09/turn               (no ring)

@: lightly drained
A: horns 1, foul stench 1
a: no special abilities


You were on level 4 of the Dungeon.
You visited 1 branch of the dungeon, and saw 4 of its levels.

You collected 78 gold pieces.

Inventory:

Hand Weapons
 a - a +0 flail (weapon)
Armour
 b - a +0 scale mail (worn)
 c - a +0 buckler (worn)
 o - a +0 tower shield
Jewellery
 s - an amulet of regeneration
 t - an amulet of guardian spirit
Wands
 v - a wand of light (8)
 x - a wand of roots (8)
Scrolls
 i - a scroll of silence {unknown}
 j - a scroll of enchant weapon {unknown}
 m - a scroll of enchant armour {unknown}
 n - a scroll of identify {unknown}
 q - a scroll of butterflies {unknown}
 r - a scroll of poison {unknown}
Potions
 d - a potion of might
 e - a potion of brilliance {unknown}
 f - a potion of berserk rage {unknown}
 g - 4 potions of lignification {unknown}
 h - a potion of curing {unknown}
 k - 3 potions of attraction {unknown}
 l - a potion of degeneration {unknown}
 p - 2 potions of haste {unknown}
 u - a potion of heal wounds {unknown}
 w - a potion of magic {unknown}


   Skills:
 + Level 3.5 Fighting
 * Level 3.0 Maces & Flails
 + Level 3.2 Armour
 + Level 3.2 Shields


You had 3 spell levels left.
You didn't know any spells.
Your spell library contained the following spells:

 Spells                   Type           Power      Damage    Failure   Level
 Static Discharge         Conj/Air       0%         3-3/arc   93%         2
 Dispel Undead            Necr           0%         3d6       100%        4
 Sticky Flame             Conj/Fire      0%         2d3       100%        4


Dungeon Overview and Level Annotations

Branches:
Dungeon (4/15)
 Temple: D:4-7

Altars:


Innate Abilities, Weirdness & Mutations

You have a pair of small horns on your head.
You may rarely emit foul miasma when damaged in melee.


Message History

You drop a +5 club.
You drop the +2 helmet of the Lich-sworn {rC+}.
Things that are here:
the +2 helmet of the Lich-sworn {rC+}; a +5 club; a +0 dagger
There is a stone staircase leading down, spattered with blood here.
You climb downwards.
The jelly barely misses you. The goblin closely misses you.
The jelly closely misses you. You block the goblin's attack.
The goblin hits you but does no damage.
There is a stone staircase leading up here.
You thump the goblin!
You kill the goblin!
The jelly hits you but does no damage. The goblin barely misses you.
You hit the goblin but do no damage. The jelly misses you.
The goblin hits you but does no damage.
You closely miss the goblin. The jelly closely misses you.
The goblin hits you but does no damage.
You closely miss the goblin. You block the jelly's attack.
The goblin hits you but does no damage. The goblin barely misses you.
The jelly closely misses you.
You sock the goblin!
You kill the goblin!
The jelly hits you.
You are splashed with acid!
You hit the jelly.
Your hands burn!
* * * LOW HITPOINT WARNING * * *
The jelly is lightly wounded.
The jelly hits you but does no damage.
You thump the jelly!
Your hands burn!
* * * LOW HITPOINT WARNING * * *
The jelly is severely wounded.
The jelly barely misses you. x2
You completely miss the jelly.
The jelly is severely wounded.
The jelly hits you but does no damage.
You hit the jelly.
Your hands burn!
* * * LOW HITPOINT WARNING * * *
The jelly is almost dead.
The jelly hits you.
* * * LOW HITPOINT WARNING * * *
You are splashed with acid!
You die...

.. .# .# .## ..#
######..####
#)gJ.......# #
#)###).....#
##.#.).@........
#=..).)J........
#...............
#.......######..
#.......# .
#.......#
#........
#..?.....#
#........#


You could see a jelly.

Vanquished Creatures
  Robin (D:3)
  An adder (D:2)
  2 worms (D:2)
  3 dart slugs
  2 orcs (D:3)
  2 ball pythons
  6 bats
  4 endoplasms
  9 giant cockroaches
  2 hobgoblins
  2 jackals (D:2)
  4 kobolds
  A quokka (D:1)
  A frilled lizard (D:1)
  17 goblins
  3 rats
60 creatures vanquished.

Vanquished Creatures (others)
  11 toadstools (D:4)
11 creatures vanquished.

Grand Total: 71 creatures vanquished

Notes
Turn   | Place    | Note
-------+----------+-------------------------------------------
     0 | D:1      | wormed the Demonspawn Fighter began the quest for the Orb.
     0 | D:1      | Reached XP level 1. HP: 18/18 MP: 1/1
   337 | D:1      | Gained mutation: You have a pair of small horns on your
                  | head. [demonic ancestry]
   337 | D:1      | Reached XP level 2. HP: 24/24 MP: 2/2
   743 | D:1      | Found a faded altar of an unknown god.
  1102 | D:2      | Gained mutation: You may rarely emit foul miasma when
                  | damaged in melee. [demonic ancestry]
  1102 | D:2      | Reached XP level 3. HP: 14/29 MP: 3/3
  1734 | D:2      | Identified the +11 dagger "Yphuozogh" {vorpal, Will+}
  2501 | D:3      | Reached XP level 4. HP: 24/35 MP: 4/4
  3025 | D:4      | Identified the +2 helmet of the Lich-sworn {rC+}
  3025 | D:4      | Noticed Robin
  3047 | D:3      | Killed Robin
  3072 | D:4      | HP: 1/34 [jelly (2)]
  3072 | D:4      | Splashed by a jelly's acid

Illustrated notes

Levels and vault maps discovered:
D:1:      denvon_arrival_planthouse, layout_loops_ring,
          dreamdust_ecumenical_altar_hidden_monk_grotto
D:2:      layout_loops_ring
D:3:      layout_loops_corners
D:4:      cheibrodos_fertilizer, layout_basic, hangedman_abyss_or_decor_slice,
          uniq_robin

Skill      XL: |  1  2  3  4 |
---------------+-------------+-----
Maces & Flails | 2 3 |  3.0
Shields        | 3 |  3.2
Armour         | 3 |  3.2
Fighting       | |  3.5

Action                   |  1- 3 |  4- 6 || total
-------------------------+-------+-------++-------
Melee: Flail             |   117 |    40 ||   157
       Headbutt          |    21 |     3 ||    24
Armor: Scale mail        |    65 |    26 ||    91
Dodge: Dodged            |    49 |    33 ||    82
Block: Buckler           |    14 |    10 ||    24
